MLB
OAKLAND ATHLETICS @ SEATTLE MARINERS
09/08/2048
 
TOP OF THE 1ST
Oakland Athletics batting - Pitching for Seattle Mariners : LHP Antonio Diaz
Pitching: LHP Antonio Diaz
Batting: RHB Jason May 0-0: Called Strike
0-1: Foul Ball, location: 2F
0-2: Ball
1-2: Ball
2-2: Ball
3-2: Base on Balls
Batting: RHB Jeff Garofalo 0-0: Ball
1-0: Called Strike
1-1: Ball
2-1: Foul Ball, location: 2F
2-2: Strikes out looking
Batting: RHB Muneo Kawachi 0-0: Called Strike
0-1: Fly out, F7 (Line Drive, 7S, EV 90.0 MPH)
Batting: RHB Randy Shrewsbury 0-0: Called Strike
0-1: Foul Ball, location: 2F
0-2: Strikes out swinging
Top of the 1st over - 0 runs, 0 hits, 0 errors, 1 left on base; Oakland 0 - Seattle 0
BOTTOM OF THE 1ST
Seattle Mariners batting - Pitching for Oakland Athletics : RHP Nick Kirk
Pitching: RHP Nick Kirk
Batting: LHB Dae-ik Yoon 0-0: Swinging Strike
0-1: Ball
1-1: Ground out 4-3 (Groundball, 4, EV 102.5 MPH)
Batting: RHB Jose Vasquez 0-0: Swinging Strike
0-1: SOLO HOME RUN (Flyball, 78XD, EV 98.1 MPH), Distance : 402 ft
Batting: SHB Floyd-William Goof 0-0: Called Strike
0-1: Called Strike
0-2: Ball
1-2: Foul Ball, location: 2F
1-2: Foul Ball, location: 2F
1-2: Ball
2-2: SINGLE (Groundball, 6MS, EV 84.4 MPH) (infield hit)
Batting: RHB Steve Jordan 0-0: Ball
1-0: Called Strike
1-1: Fielders Choice at 2nd, 4-6 (Groundball, 34, EV 103.8 MPH)
Batting: SHB Robbie Rogers 0-0: Ball
1-0: Ball
Steve Jordan steals 2nd base
2-0: Called Strike
2-1: Ball
Passed Ball!
Steve Jordan to third
3-1: DOUBLE (Line Drive, 7LD, EV 103.1 MPH)
Steve Jordan scores
Batting: RHB Tony Vargas 0-0: Ball
1-0: Fly out, F9 (Line Drive, 9, EV 97.5 MPH)
Bottom of the 1st over - 2 runs, 3 hits, 0 errors, 1 left on base; Oakland 0 - Seattle 2
TOP OF THE 2ND
Oakland Athletics batting - Pitching for Seattle Mariners : LHP Antonio Diaz
Batting: RHB Tommy Baird 0-0: Ball
1-0: Swinging Strike
1-1: Foul Ball, location: 2F
1-2: Foul Ball, location: 2F
1-2: Ball
2-2: Foul Ball, location: 2F
2-2: Ball
3-2: Fly out, F8 (Flyball, 8LD, EV 101.9 MPH)
Batting: RHB Nick Gentzel 0-0: Ball
1-0: Called Strike
1-1: Swinging Strike
1-2: Strikes out swinging
Batting: LHB Tom Butterbaugh 0-0: Called Strike
0-1: Ball
1-1: Called Strike
1-2: Foul Ball, location: 2F
1-2: Strikes out swinging
Top of the 2nd over - 0 runs, 0 hits, 0 errors, 0 left on base; Oakland 0 - Seattle 2
BOTTOM OF THE 2ND
Seattle Mariners batting - Pitching for Oakland Athletics : RHP Nick Kirk
Batting: RHB Harutomi Matsubara 0-0: Ball
1-0: Called Strike
1-1: Swinging Strike
1-2: Strikes out swinging
Batting: RHB Pavpv Ivanushkin 0-0: Called Strike
0-1: Ball
1-1: Called Strike
1-2: Strikes out swinging
Batting: RHB Jimmy Hammertime 0-0: Swinging Strike
0-1: Foul Ball, location: 2F
0-2: Ball
1-2: Strikes out swinging
Bottom of the 2nd over - 0 runs, 0 hits, 0 errors, 0 left on base; Oakland 0 - Seattle 2
TOP OF THE 3RD
Oakland Athletics batting - Pitching for Seattle Mariners : LHP Antonio Diaz
Batting: RHB Garry Hash 0-0: Ball
1-0: Ball
2-0: Called Strike
2-1: Ball
3-1: Called Strike
3-2: Base on Balls
Batting: SHB Ryan Langlois 0-0: Ball
1-0: Ball
2-0: Called Strike
2-1: Foul Ball, location: 2F
2-2: Foul Ball, location: 2F
2-2: Ball
3-2: Foul Ball, location: 2F
3-2: Fly out, F9 (Flyball, 9, EV 93.8 MPH)
Batting: RHB Jason May 0-0: Ball
1-0: Called Strike
Garry Hash steals 2nd base (no throw)
1-1: Fly out, F9 (Line Drive, 9S, EV 96.9 MPH)
Batting: RHB Jeff Garofalo 0-0: Ball
1-0: Foul Ball, location: 2F
1-1: Ball
2-1: Ball
3-1: Called Strike
3-2: Foul Ball, location: 2F
3-2: Foul Ball, location: 2F
3-2: Foul Ball, location: 2F
3-2: Fly out, F9 (Flyball, 89D, EV 98.1 MPH)
Top of the 3rd over - 0 runs, 0 hits, 0 errors, 1 left on base; Oakland 0 - Seattle 2
BOTTOM OF THE 3RD
Seattle Mariners batting - Pitching for Oakland Athletics : RHP Nick Kirk
Batting: LHB Dae-ik Yoon 0-0: Ball
1-0: Ball
2-0: Called Strike
2-1: Ball
3-1: Called Strike
3-2: Foul Ball, location: 2F
3-2: Foul Ball, location: 2F
3-2: Foul Ball, location: 2F
3-2: Ground out 4-3 (Groundball, 34D, EV 102.5 MPH)
Batting: RHB Jose Vasquez 0-0: Ball
1-0: Called Strike
1-1: Swinging Strike
1-2: Ball
2-2: Fly out, F3 (Popup, 23F, EV 82.5 MPH)
Batting: SHB Floyd-William Goof 0-0: Ball
1-0: Ball
2-0: Foul Ball, location: 2F
2-1: Called Strike
2-2: Foul Ball, location: 2F
2-2: Foul Ball, location: 2F
2-2: Foul Ball, location: 2F
2-2: Strikes out looking
Bottom of the 3rd over - 0 runs, 0 hits, 0 errors, 0 left on base; Oakland 0 - Seattle 2
TOP OF THE 4TH
Oakland Athletics batting - Pitching for Seattle Mariners : LHP Antonio Diaz
Batting: RHB Muneo Kawachi 0-0: Ball
1-0: Swinging Strike
1-1: Ball
2-1: Called Strike
2-2: Ball
3-2: Base on Balls
Batting: RHB Randy Shrewsbury 0-0: Called Strike
0-1: Foul Ball, location: 2F
0-2: Foul Ball, location: 2F
0-2: Strikes out looking
Batting: RHB Tommy Baird 0-0: Called Strike
Muneo Kawachi steals 2nd base (no throw)
0-1: Foul Ball, location: 2F
0-2: Strikes out swinging
Batting: RHB Nick Gentzel 0-0: Fly out, F9 (Flyball, 9, EV 90.6 MPH)
Top of the 4th over - 0 runs, 0 hits, 0 errors, 1 left on base; Oakland 0 - Seattle 2
BOTTOM OF THE 4TH
Seattle Mariners batting - Pitching for Oakland Athletics : RHP Nick Kirk
Batting: RHB Steve Jordan 0-0: Ground out 3-1 (Groundball, 13, EV 90.0 MPH)
Batting: SHB Robbie Rogers 0-0: DOUBLE (Flyball, 78D, EV 95.6 MPH)
Batting: RHB Tony Vargas 0-0: Called Strike
0-1: Foul Ball, location: 2F
0-2: SINGLE (Groundball, 4MD, EV 105.0 MPH)
Robbie Rogers to third
Runner from 3rd tries for Home, SAFE, throw by CF to home
Batting: RHB Harutomi Matsubara 0-0: Called Strike
0-1: Ball
1-1: Foul Ball, location: 2F
1-2: Strikes out looking
Batting: RHB Pavpv Ivanushkin 0-0: Fielders Choice at 2nd, 6-4 (Groundball, 6, EV 105.0 MPH)
Bottom of the 4th over - 1 run, 2 hits, 0 errors, 1 left on base; Oakland 0 - Seattle 3
TOP OF THE 5TH
Oakland Athletics batting - Pitching for Seattle Mariners : LHP Antonio Diaz
Batting: LHB Tom Butterbaugh 0-0: Ball
1-0: Called Strike
1-1: Swinging Strike
1-2: Ball
2-2: Ground out 4-3 (Groundball, 4, EV 105.0 MPH)
Pitching: RHP Kyle Ridgeway
Batting: RHB Garry Hash 0-0: Called Strike
0-1: Foul Ball, location: 2F
0-2: Ball
1-2: Strikes out swinging, 2-3 out at first.
Batting: SHB Ryan Langlois 0-0: Ball
1-0: Ball
2-0: Ball
3-0: Called Strike
3-1: Ground out 5-3 (Groundball, 56, EV 85.0 MPH)
Top of the 5th over - 0 runs, 0 hits, 0 errors, 0 left on base; Oakland 0 - Seattle 3
BOTTOM OF THE 5TH
Seattle Mariners batting - Pitching for Oakland Athletics : RHP Nick Kirk
Batting: RHB Jimmy Hammertime 0-0: Called Strike
0-1: Ball
1-1: Foul Ball, location: 2F
1-2: Ball
2-2: Ball
3-2: SINGLE (Groundball, 56D, EV 95.0 MPH)
Batting: LHB Dae-ik Yoon 0-0: Ball
1-0: Ball
2-0: Called Strike
2-1: Foul Ball, location: 2F
2-2: Ball
3-2: Foul Ball, location: 2F
3-2: Ground out 5-3 (Groundball, 56, EV 109.4 MPH)
Jimmy Hammertime to second
Batting: RHB Jose Vasquez 0-0: Ball
1-0: Called Strike
1-1: Ball
2-1: Foul Ball, location: 2F
2-2: Ball
3-2: Strikes out looking
Batting: SHB Floyd-William Goof 0-0: Ball
1-0: Called Strike
1-1: Ball
2-1: TRIPLE (Flyball, 89XD, EV 98.8 MPH)
Jimmy Hammertime scores
Batting: RHB Steve Jordan 0-0: DOUBLE (Line Drive, 78D, EV 112.5 MPH)
Floyd-William Goof scores
Pitching: RHP Elijah Everett
Batting: SHB Robbie Rogers 0-0: Called Strike
0-1: Ball
1-1: Called Strike
1-2: Fly out, F7 (Flyball, 7D, EV 93.1 MPH)
Bottom of the 5th over - 2 runs, 3 hits, 0 errors, 1 left on base; Oakland 0 - Seattle 5
TOP OF THE 6TH
Oakland Athletics batting - Pitching for Seattle Mariners : RHP Kyle Ridgeway
Batting: RHB Jason May 0-0: Foul Ball, location: 2F
0-1: Foul Ball, location: 2F
0-2: Fly out, F4 (Popup, 4M, EV 56.2 MPH)
Batting: RHB Jeff Garofalo 0-0: Foul Ball, location: 2F
0-1: Ball
1-1: Ball
2-1: SINGLE (Groundball, 4MD, EV 102.5 MPH)
Batting: RHB Muneo Kawachi 0-0: Called Strike
0-1: Called Strike
0-2: Strikes out looking
Batting: RHB Randy Shrewsbury 0-0: Ball
1-0: Called Strike
1-1: Fly out, F4 (Flyball, 4D, EV 85.0 MPH)
Top of the 6th over - 0 runs, 1 hit, 0 errors, 1 left on base; Oakland 0 - Seattle 5
BOTTOM OF THE 6TH
Seattle Mariners batting - Pitching for Oakland Athletics : RHP Elijah Everett
Batting: RHB Tony Vargas 0-0: Ball
1-0: Called Strike
1-1: Foul Ball, location: 2F
1-2: Ball
2-2: Foul Ball, location: 2F
2-2: Ball
3-2: Ground out 5-3 (Groundball, 5, EV 110.0 MPH)
Batting: RHB Harutomi Matsubara 0-0: Fly out, F8 (Flyball, 8RD, EV 94.4 MPH)
Batting: RHB Pavpv Ivanushkin 0-0: Called Strike
0-1: Swinging Strike
0-2: Ball
1-2: Strikes out swinging
Bottom of the 6th over - 0 runs, 0 hits, 0 errors, 0 left on base; Oakland 0 - Seattle 5
TOP OF THE 7TH
Oakland Athletics batting - Pitching for Seattle Mariners : RHP Kyle Ridgeway
Now at 2B: Malik Brookshire
Batting: RHB Tommy Baird 0-0: Foul Ball, location: 2F
0-1: Ball
1-1: Ball
2-1: Foul Ball, location: 2F
2-2: Ball
3-2: Foul Ball, location: 2F
3-2: Base on Balls
Pitching: LHP Lance Crumpton
Batting: RHB Nick Gentzel 0-0: Called Strike
0-1: Ball
1-1: Foul Ball, location: 2F
1-2: Ball
2-2: Strikes out looking
Batting: LHB Tom Butterbaugh 0-0: Ball
1-0: Swinging Strike
1-1: Swinging Strike
1-2: Ball
2-2: Strikes out swinging
Batting: RHB Garry Hash 0-0: Ball
1-0: Foul Ball, location: 2F
1-1: Foul Ball, location: 2F
1-2: Foul Ball, location: 2F
1-2: Fly out, F7 (Flyball, 7LS, EV 85.6 MPH)
Top of the 7th over - 0 runs, 0 hits, 0 errors, 1 left on base; Oakland 0 - Seattle 5
BOTTOM OF THE 7TH
Seattle Mariners batting - Pitching for Oakland Athletics : RHP Elijah Everett
Batting: RHB Jimmy Hammertime 0-0: Called Strike
0-1: Fly out, F8 (Line Drive, 8LD, EV 86.9 MPH)
Batting: LHB Dae-ik Yoon 0-0: SINGLE (Line Drive, 6M, EV 103.1 MPH)
Batting: RHB Jose Vasquez 0-0: Called Strike
0-1: Swinging Strike
0-2: Ball
1-2: Ball
2-2: SINGLE (Groundball, 56D, EV 101.2 MPH)
Dae-ik Yoon to second
Batting: SHB Floyd-William Goof 0-0: Ball
1-0: Ball
2-0: Foul Ball, location: 2F
2-1: SINGLE (Line Drive, 6D, EV 108.1 MPH)
Dae-ik Yoon to third
Jose Vasquez to second
Runner from 3rd tries for Home, SAFE, throw by CF to home
Batting: RHB Steve Jordan 0-0: Called Strike
0-1: Foul Ball, location: 2F
0-2: Foul Ball, location: 2F
0-2: Grounds into double play, 3-6-1 (Groundball, 3, EV 84.4 MPH)
Bottom of the 7th over - 1 run, 3 hits, 0 errors, 1 left on base; Oakland 0 - Seattle 6
TOP OF THE 8TH
Oakland Athletics batting - Pitching for Seattle Mariners : LHP Lance Crumpton
Now at 3B: Corey Ottinger
Batting: SHB Ryan Langlois 0-0: Ball
1-0: Fly out, F8 (Flyball, 8RM, EV 83.8 MPH)
Batting: RHB Jason May 0-0: Swinging Strike
0-1: Ball
1-1: Ball
2-1: Ball
3-1: Swinging Strike
3-2: Base on Balls
Pitching: RHP Willie Sanchez
Batting: RHB Jeff Garofalo 0-0: Ball
1-0: Foul Ball, location: 2F
1-1: Ball
2-1: Ball
3-1: Called Strike
3-2: SINGLE (Groundball, 56D, EV 94.4 MPH)
Jason May to second
Batting: RHB Muneo Kawachi 0-0: Called Strike
0-1: Swinging Strike
0-2: Strikes out swinging
Batting: RHB Randy Shrewsbury 0-0: Ball
1-0: Ball
2-0: Ball
3-0: Called Strike
3-1: Ground out 5-3 (Groundball, 56S, EV 65.0 MPH)
Top of the 8th over - 0 runs, 1 hit, 0 errors, 2 left on base; Oakland 0 - Seattle 6
BOTTOM OF THE 8TH
Seattle Mariners batting - Pitching for Oakland Athletics : RHP Elijah Everett
Batting: SHB Robbie Rogers 0-0: Called Strike
0-1: Ball
1-1: Foul Ball, location: 2F
1-2: Ball
2-2: Ball
3-2: Ground out 6-3 (Groundball, 6M, EV 79.4 MPH)
Batting: RHB Tony Vargas 0-0: Ball
1-0: Called Strike
1-1: Called Strike
1-2: Foul Ball, location: 2F
1-2: SINGLE (Groundball, 6MD, EV 101.2 MPH)
Pitching: RHP Gabe Baxter
Batting: RHB Harutomi Matsubara 0-0: Called Strike
0-1: Ball
1-1: Ball
2-1: Ball
3-1: Fly out, F8 (Line Drive, 8LS, EV 98.8 MPH)
Batting: RHB Malik Brookshire 0-0: Ball
1-0: Fielders Choice at 2nd, 5-4 (Groundball, 5L, EV 78.1 MPH)
Bottom of the 8th over - 0 runs, 1 hit, 0 errors, 1 left on base; Oakland 0 - Seattle 6
TOP OF THE 9TH
Oakland Athletics batting - Pitching for Seattle Mariners : RHP Willie Sanchez
Batting: RHB Tommy Baird 0-0: Called Strike
0-1: Foul Ball, location: 2F
0-2: Ground out U3 (Groundball, 34, EV 105.6 MPH)
Batting: RHB Nick Gentzel 0-0: Swinging Strike
0-1: Ball
1-1: Called Strike
1-2: Ground out 3-1 (Groundball, 34, EV 87.5 MPH)
Batting: LHB Tom Butterbaugh 0-0: Ball
1-0: Ground out 4-3 (Groundball, 4M, EV 85.6 MPH)
Top of the 9th over - 0 runs, 0 hits, 0 errors, 0 left on base; Oakland 0 - Seattle 6
Tuesday, March 28th , 2023 - OOTP Baseball 23.10 Build 110